 Dungeon Crawl Stone Soup version 0.31-a0-1529-g7bd419a0e5 (webtiles) character file.

Game seed: 1781235951009065166

1202 cforsyth the Ducker (level 8, 0/61 HPs)
             Began as a Djinni Reaver on Dec 31, 2023.
             Was a Follower of Nemelex Xobeh.
             Slain by a steam dragon (10 damage)
             ... on level 6 of the Dungeon.
             The game lasted 00:22:29 (7200 turns).

cforsyth the Ducker (Djinni Reaver)                 Turns: 7200, Time: 00:22:29

Health: 0/61       AC:  4    Str: 11    XL:     8   Next: 73%
Gold:   242        EV: 13    Int: 18    God:    Nemelex Xobeh [*.....] SH:  0 Dex: 11

rFire   + + .        a - +0 falchion
rCold   x . .        (no shield)
rNeg    . . .        b - +0 leather armour
rPois   ∞            h - +0 helmet
rElec   .            (no cloak)
rCorr   .            (no gloves)
SInv    .            (boots unavailable)
Will    .....        (no amulet)
Stlth   +            (no ring)
HPRegen 0.30/turn    (no ring)
MPRegen 0.00/turn

%: infuse magic (-1 HP)
@: flying
A: sickness immunity, fire resistance 2, cold vulnerability 1, float, innate
caster, HP casting, extra vitality 1
a: Renounce Religion, Draw Escape, Draw Destruction, Draw Summoning


You were on level 6 of the Dungeon.
You worshipped Nemelex Xobeh.
Nemelex Xobeh was aware of your devotion.
You visited 2 branches of the dungeon, and saw 7 of its levels.

You collected 242 gold pieces.

Inventory:

Hand Weapons
 a - a +0 falchion (weapon)
Armour
 b - a +0 leather armour (worn)
 h - a +0 helmet (worn)
Wands
 o - a wand of roots (11)
Scrolls
 c - 4 scrolls of blinking
 e - a scroll of teleportation
 g - a scroll of revelation
 j - a scroll of butterflies
 k - 3 scrolls of fear {unknown}
 l - a scroll of immolation {unknown}
 n - a scroll of poison {unknown}
 q - a scroll of enchant armour {unknown}
Potions
 i - a potion of haste
 m - 2 potions of enlightenment


   Skills:
 + Level 5.8 Fighting
 - Level 2.9 Long Blades
 + Level 6.4 Dodging
 + Level 5.3 Spellcasting
 + Level 5.3 Conjurations
 + Level 5.3 Hexes
   Level 0.0 Charms
 + Level 5.3 Summonings
 + Level 5.3 Necromancy
 + Level 5.3 Translocations
   Level 0.0 Transmutations
 + Level 5.3 Fire Magic
 + Level 5.3 Ice Magic
 + Level 5.3 Air Magic
 + Level 5.3 Earth Magic
 + Level 5.3 Alchemy


You knew the following spells:

 Your Spells              Type           Power      Damage    Failure   Level
a - Kiss of Death         Conj/Necr      92%        2d12      1%          1
b - Momentum Strike       Conj/Tloc      46%        3d9       3%          2
c - Hailstorm             Conj/Ice       23%        3d7       6%          3
d - Slow                  Hex            92%        N/A       1%          1
e - Mercury Vapours       Alch/Air       46%        N/A       3%          2
f - Sigil of Binding      Hex            23%        N/A       6%          3
Your spell library was empty.

Dungeon Overview and Level Annotations

Branches:
Dungeon (6/15)             Temple (1/1) D:5

Altars:
Ashenzari
Cheibriados
Elyvilon
Gozag
Hepliaklqana
Nemelex Xobeh
Okawaru
Ru
Trog
Wu Jian
Xom
Yredelemnul
Zin
The Shining One


Innate Abilities, Weirdness & Mutations

You are immune to sickness and miasma.
You are immune to poison.
Your flesh is very heat resistant. (rF++)
You are vulnerable to cold. (rC-)
You float through the air rather than walking.
You learn spells naturally, not from books.
Your magical power is your life essence.
You have superior vitality. (+4 MHP)


Message History

The steam dragon breathes steam at you. The ball of steam misses you.
The steam dragon bites you. The steam dragon barely misses you.
The steam dragon attacks as it pursues you!
The steam dragon bites you.
The steam dragon claws you but does no damage.
You hit the steam dragon but do no damage.
The steam dragon is severely wounded.
The steam dragon bites you but does no damage.
The steam dragon closely misses you.
You hit the steam dragon.
The steam dragon is severely wounded.
The steam dragon barely misses you. The steam dragon completely misses you.
You closely miss the steam dragon.
The steam dragon is severely wounded.
The steam dragon bites you. The steam dragon closely misses you.
You barely miss the steam dragon.
The steam dragon is severely wounded.
The steam dragon breathes steam at you. The ball of steam hits you. You resist.
You hit the steam dragon.
The steam dragon is almost dead.
The steam dragon barely misses you.
The steam dragon claws you but does no damage.
You hit the steam dragon but do no damage.
The steam dragon is almost dead.
The steam dragon breathes steam at you. The ball of steam misses you.
You closely miss the steam dragon.
The steam dragon is almost dead.
The steam dragon bites you but does no damage.
The steam dragon barely misses you. The steam dragon bites you!
* * * LOW HITPOINT WARNING * * *
The steam dragon claws you.
* * * LOW HITPOINT WARNING * * *
You hit the steam dragon.
The steam dragon is almost dead.
The steam dragon bites you!
You die...
Your body disappears without a glow.

### ..# #.# #.##### ..
# #.#...# #. .
#.####.#D#.# ..#..
#......#@#§# ...#.
#.....)#.#D#### .....#
#.....<#§#§§§§##.....#
#........####§.......#
#......### #...###..
#....#.# #.....#
######## #........#
...###...# ....# ..#


You could see a steam dragon.

Vanquished Creatures
  Pikel (D:5)
  An ogre (D:5)
  3 lemures
  A scorpion (D:6)
  A vampire bat (D:5)
  3 jellies
  A bombardier beetle (D:5)
  4 hounds
  An orc priest (D:6)
  An orc wizard (D:5)
  12 adders
  4 dart slugs
  3 fire bats (D:5)
  3 ribbon worms
  3 orcs
  2 spectral bats (D:5)
  19 bats
  3 bat skeletons (D:5)
  A bat zombie (D:5)
  6 endoplasms
  7 giant cockroaches
  6 goblins
  6 hobgoblins
  5 jackals
  8 kobolds
  2 quokkas
  9 ball pythons
  A bat simulacrum (D:5)
  3 frilled lizards
  6 rats
126 creatures vanquished.

Vanquished Creatures (others)
  An adder (D:6)
1 creature vanquished.

Grand Total: 127 creatures vanquished

Notes
Turn   | Place    | Note
-------+----------+-------------------------------------------
     0 | D:1      | cforsyth the Djinni Reaver began the quest for the Orb.
     0 | D:1      | cforsyth set off with the following spells memorised: Kiss
                  | of Death, Momentum Strike, Hailstorm.
     0 | D:1      | Reached XP level 1. HP: 18/18 MP: 0/0
   149 | D:1      | Reached XP level 2. HP: 12/23 MP: 0/0
   411 | D:1      | Found a faded altar of an unknown god.
   462 | D:1      | Reached XP level 3. HP: 26/28 MP: 0/0
   462 | D:1      | Learned a level 1 spell: Slow
   907 | D:2      | Reached XP level 4. HP: 29/34 MP: 0/0
   980 | D:2      | Reached skill level 3 in Dodging
  2079 | D:3      | Reached XP level 5. HP: 40/40 MP: 0/0
  2079 | D:3      | Learned a level 2 spell: Mercury Vapours
  2763 | D:4      | Reached XP level 6. HP: 37/46 MP: 0/0
  2849 | D:4      | Reached skill level 4 in Dodging
  3334 | D:4      | Found a snail-covered altar of Cheibriados.
  3575 | D:5      | Entered Level 5 of the Dungeon
  3577 | D:5      | Noticed Pikel
  4151 | D:5      | Found a staircase to the Ecumenical Temple.
  4167 | Temple   | Entered the Ecumenical Temple
  4202 | Temple   | Became a worshipper of Nemelex Xobeh the Trickster
  5187 | D:5      | Noticed an ogre
  5198 | D:5      | Killed an ogre
  5199 | D:5      | Reached XP level 7. HP: 13/52 MP: 0/0
  5199 | D:5      | Learned a level 3 spell: Sigil of Binding
  5590 | D:5      | HP: 1/52 [ice beast (12)]
  5870 | D:5      | Reached skill level 5 in Dodging
  6164 | D:5      | Killed Pikel
  6165 | D:5      | Reached skill level 5 in Fighting
  6165 | D:5      | Reached skill level 6 in Dodging
  6165 | D:5      | Reached skill level 5 in Spellcasting
  6165 | D:5      | Reached skill level 5 in Conjurations
  6165 | D:5      | Reached skill level 5 in Hexes
  6165 | D:5      | Reached skill level 5 in Summonings
  6165 | D:5      | Reached skill level 5 in Necromancy
  6165 | D:5      | Reached skill level 5 in Translocations
  6165 | D:5      | Reached skill level 5 in Fire Magic
  6165 | D:5      | Reached skill level 5 in Ice Magic
  6165 | D:5      | Reached skill level 5 in Air Magic
  6165 | D:5      | Reached skill level 5 in Earth Magic
  6165 | D:5      | Reached skill level 5 in Alchemy
  6165 | D:5      | Reached XP level 8. HP: 42/60 MP: 0/0
  6297 | D:5      | Reached * piety under Nemelex Xobeh
  7200 | D:6      | Slain by a steam dragon

Illustrated notes

Levels and vault maps discovered:
D:1:      orjb1_clovarrival, layout_loops_ring,
          hellmonk_ecumenical_altar_lost_god
D:2:      layout_rooms, serial_bayou, serial_bayou_pond_e, serial_bayou_shore_a,
          serial_bayou_lake_a, serial_bayou_pond_d, kennysheep_cross_bottleneck,
          minmay_misc_feat_enclosed
D:3:      minmay_door_path, layout_basic, minmay_randomly_rotated_circles
D:4:      layout_rooms, mainiacjoe_overflow_catch_the_wave
D:5:      layout_basic, led_sif_pool, temple_doors_cd, kennysheep_flooded_box,
          goddamned_bats, uniq_pikel
D:6:      layout_basic, lemuel_doored_altar, serial_shops, nicolae_square_shop,
          hangedman_abyss_or_decor_jellyfish_corner, minmay_three_doors
Temple:   nicolae_temple_bog_church

Skill      XL: |  1  2  3  4  5  6  7 |
---------------+----------------------+-----
Spellcasting   | 3 4 5 |  5.3
Conjurations   | 3 4 5 |  5.3
Hexes          | 3 4 5 |  5.3
Summonings     | 3 4 5 |  5.3
Necromancy     | 3 4 5 |  5.3
Translocations | 3 4 5 |  5.3
Fire Magic     | 3 4 5 |  5.3
Ice Magic      | 3 4 5 |  5.3
Air Magic      | 3 4 5 |  5.3
Earth Magic    | 3 4 5 |  5.3
Alchemy        | 3 4 5 |  5.3
Dodging        | 3 4 6 |  6.4
Fighting       | 3 4 5 |  5.8
Long Blades    | |  2.9

Action                     |  1- 3 |  4- 6 |  7- 9 || total
---------------------------+-------+-------+-------++-------
  Melee: Falchion          |   115 |   442 |   203 ||   760
         Punch             |       |     5 |     7 ||    12
   Cast: Slow              |       |    14 |    22 ||    36
         Mercury Vapours   |       |     9 |    11 ||    20
         Kiss of Death     |       |       |     2 ||     2
    Use: Potion            |       |     7 |       ||     7
         Scroll            |       |     5 |     3 ||     8
 Armour: Leather armour    |    73 |   309 |   198 ||   580
         Skin              |       |    30 |       ||    30
  Dodge: Dodged            |    75 |   381 |   251 ||   707

Table legend: (Time is in decaauts)
 A = Elapsed time spent in this place.
 B = Non-inter-level travel time spent in this place.
 C = Inter-level travel time spent in this place.
 D = Time resting spent in this place.
 E = Time spent auto-exploring this place.
 F = Levels seen in this place.
 G = Mean time per level.
                   A        B        C        D        E       F      G
               +--------+--------+--------+--------+--------+-----+--------+
         Total |   7312 |   7141 |    171 |   1613 |   3408 |   7 | 1044.6 |
       Dungeon |   6692 |   6541 |    151 |   1113 |   3408 |   6 | 1115.3 |
        Temple |    620 |    600 |     20 |    500 |      0 |   1 |  620.0 |
               +--------+--------+--------+--------+--------+-----+--------+

Top non-repeatable levels by time:
     D:5: 1533 daAuts
     D:4: 1528 daAuts
     D:3: 1286 daAuts
     D:2: 1077 daAuts
     D:1: 822 daAuts
  Temple: 620 daAuts
     D:6: 444 daAuts
